 Dungeon Crawl Stone Soup version 0.20-a0-947-g2784f4f (webtiles) character file.

216 Hybris the Skirmisher (level 5, -4/51 HPs)
             Began as a Gargoyle Fighter on Apr 3, 2017.
             Was an Initiate of Okawaru.
             Slain by Koga's ghost (5 damage)
             ... on level 3 of the Dungeon.
             The game lasted 00:05:25 (2571 turns).

Hybris the Skirmisher (Gargoyle Fighter)            Turns: 2571, Time: 00:05:26

Health: -4/51      AC: 10    Str: 27    XL:     5   Next: 93%
Magic:  5/5        EV:  7    Int:  9    God:    Okawaru [......]
Gold:   67         SH:  9    Dex:  9    Spells: 4/4 levels left

rFire    . . .     SeeInvis .   a - +0 flail
rCold    . . .     Gourm    .   c - +0 shield
rNeg     + . .     Faith    .   b - +0 scale mail
rPois    ∞         Spirit   .   (no helmet)
rElec    +         Reflect  .   (no cloak)
rCorr    .         Harm     .   (no gloves)
MR       +....                  (no boots)
Stlth    ..........             (no amulet)
Regen    0.2/turn               (no ring)
MPRegen  0.1/turn               (no ring)

@: mighty, berserking, very quick
A: big wings, magic resistance 1, negative energy resistance 1, electricity
resistance, strong 1, unbreathing, petrification resistance, rot immunity, AC +4
a: Fly, Renounce Religion


You were on level 3 of the Dungeon.
You worshipped Okawaru.
Okawaru was noncommittal.
You were not hungry.

You visited 1 branch of the dungeon, and saw 3 of its levels.

You collected 67 gold pieces.

Inventory:

Hand Weapons
 a - a +0 flail (weapon)
Armour
 b - a +0 scale mail (worn)
 c - a +0 shield (worn)
Jewellery
 q - an uncursed amulet of harm {unknown}
Scrolls
 i - a scroll of fear {unknown}
 k - a scroll of random uselessness {unknown}
 l - a scroll of fog {unknown}
 p - a scroll of identify {unknown}
 r - a scroll of recharging {unknown}
 s - 2 scrolls of magic mapping {unknown}
 t - 2 scrolls of remove curse {unknown}
Potions
 d - a potion of might
 e - 2 potions of mutation
 h - a potion of degeneration {unknown}
 m - a potion of curing {unknown}
 o - a potion of haste {unknown}
Comestibles
 f - 2 bread rations
 g - 2 meat rations
 n - a chunk of flesh


   Skills:
 + Level 4.9 Fighting
 * Level 4.9 Maces & Flails
 - Level 3.2 Armour
 - Level 3.2 Shields


You had 4 spell levels left.
You didn't know any spells.

Dungeon Overview and Level Annotations

Branches:
Dungeon (3/15)

Altars:
Cheibriados
Dithmenos
Gozag
Nemelex Xobeh
Okawaru
The Shining One

Annotations:
D:3 Koga's ghost, amateur HOFi


Innate Abilities, Weirdness & Mutations

You are resistant to torment.
Your stone body is resilient. (AC +4)
You are immune to poison.
You resist negative energy. (rN+)
You are resistant to electric shocks. (rElec)
You can survive without breathing.
You are immune to petrification.
You are immune to rotting.
Your large and strong wings let you fly indefinitely.
You are resistant to hostile enchantments. (MR+)
Your muscles are strong. (Str +2)


Message History

You feel resistant to hostile enchantments.
Your wings grow larger and stronger.
You feel stronger.
The hobgoblin hits you but does no damage.
Koga's ghost hits you!
* * * LOW HITPOINT WARNING * * *
You block the goblin's attack.
It was a potion of berserk rage.
A red film seems to cover your vision as you go berserk!
You feel yourself moving faster!
You feel mighty!
The hobgoblin hits you but does no damage.
Koga's ghost barely misses you. The goblin barely misses you.
Your shield prevents you from hitting Koga's ghost.
Koga's ghost is severely damaged.
The hobgoblin hits you but does no damage.
You block Koga's ghost's attack. The goblin hits you but does no damage.
You barely miss Koga's ghost.
Koga's ghost is severely damaged.
The hobgoblin hits you but does no damage.
Koga's ghost hits you.
You die...

##..........# #......
....#.#.#.#.# #......
............### #......
...#.#.#.#... +......
###.........#########......
....#.#.#.#...........#####
##..........#########..#
....#.#.#W#.# ##.#
###......g@.# #.##
#####.#g..####### #..#
#?..........# ##.##
###.........#####..##
............)'........
##......(....######..#
#..........)# ###...
#...##......# #.....
#...##......# #.....


You could see Koga's ghost, a hobgoblin and a goblin.

Vanquished Creatures
  An orc priest (D:3)
  An orc wizard (D:2)
  A gnoll (D:1)
  6 adders
  2 oozes (D:1)
  3 worms
  5 dart slugs
  A leopard gecko (D:2)
  3 orcs
  8 giant cockroaches
  4 goblins
  5 hobgoblins
  8 jackals
  2 quokkas (D:2)
  2 ball pythons (D:1)
  7 bats
  A frilled lizard (D:3)
  3 kobolds
  3 rats
66 creatures vanquished.

Notes
Turn   | Place    | Note
-------+----------+-------------------------------------------
     0 | D:1      | Hybris the Gargoyle Fighter began the quest for the Orb.
     0 | D:1      | Reached XP level 1. HP: 14/14 MP: 1/1
    81 | D:1      | Reached XP level 2. HP: 14/19 MP: 2/2
   404 | D:1      | Reached XP level 3. HP: 23/23 MP: 3/3
   891 | D:2      | Found a snail-covered altar of Cheibriados.
   907 | D:2      | Reached XP level 4. HP: 29/29 MP: 4/4
   930 | D:2      | Found a shadowy altar of Dithmenos.
   930 | D:2      | Found an iron altar of Okawaru.
   931 | D:2      | Found a glowing golden altar of the Shining One.
   940 | D:2      | Became a worshipper of Warmaster Okawaru
  1080 | D:2      | Found an opulent altar of Gozag.
  1532 | D:3      | Reached XP level 5. HP: 33/34 MP: 5/5
  1909 | D:3      | Found a sparkling altar of Nemelex Xobeh.
  2552 | D:3      | Noticed Koga's ghost (amateur HOFi)
  2568 | D:3      | Gained mutation: You are resistant to hostile enchantments. (MR+) [potion of mutation]
  2568 | D:3      | Gained mutation: Your large and strong wings let you fly indefinitely. [potion of mutation]
  2568 | D:3      | Gained mutation: Your muscles are strong. (Str +2) [potion of mutation]
  2568 | D:3      | HP: 1/34 [Koga's ghost (11)]
  2571 | D:3      | Slain by Koga's ghost

Vault maps used:
D:1:      lemuel_arrival_river_bridge, minmay_misc_feat_ornament
D:2:      chequers_temple_overflow_statue_of_worship, grunt_gozag_statues
D:3:      nemelex_xobeh_ov_fountains_minmay, serial_glass, glass_columns_a,
          glass_columns_c, first_bread

Skill      XL: |  1  2  3  4 |
---------------+-------------+-----
Maces & Flails | 3 4 |  4.9
Fighting       | 4 |  4.9
Armour         | |  3.2
Shields        | |  3.2

Action                   |  1- 3 |  4- 6 || total
-------------------------+-------+-------++-------
Melee: Flail             |   129 |   185 ||   314
  Use: Potion            |       |     3 ||     3
  Eat: Chunk             |       |     4 ||     4
       Royal jelly       |       |     1 ||     1
Armor: Scale mail        |    86 |   123 ||   209
Dodge: Dodged            |    42 |    64 ||   106
Block: Shield            |    67 |   114 ||   181
